 Dungeon Crawl Stone Soup version 0.32-a0-918-g0f22ef8d61 (webtiles) character file.

Game seed: 1252947445715386632

991 jasper the Apothecary (level 7, -7/51 HPs)
             Began as a Demonspawn Alchemist on Apr 10, 2024.
             Was an Initiate of Vehumet.
             Mangled by an ogre
             ... wielding a +0 giant club
              (26 damage)
             ... on level 5 of the Dungeon.
             The game lasted 00:12:07 (6188 turns).

jasper the Apothecary (Demonspawn Alchemist)        Turns: 6188, Time: 00:12:08

Health: -7/51      AC:  4    Str:  8    XL:     7   Next: 98%
Magic:  16/22      EV: 10    Int: 18    God:    Vehumet [......]
Gold:   232        SH:  4    Dex: 13    Spells: 2/14 levels left

rFire   . . .        l - +0 short sword (venom)
rCold   + . .        x - +0 buckler
rNeg    . . .        u - +2 robe {rC+}
rPois   .            (helmet restricted)
rElec   .            (no cloak)
rCorr   .            (no gloves)
SInv    .            (no boots)
Will    .....        r - amulet of regeneration
Stlth   ++           g - ring of wizardry
HPRegen 1.08/turn    e - ring of magical power
MPRegen 0.18/turn

%: wizardry (x1)
@: very slightly contaminated
A: antennae 1, demonic guardian 1, powered by death 1
a: Renounce Religion


You were on level 5 of the Dungeon.
You worshipped Vehumet.
Vehumet was noncommittal.
You visited 2 branches of the dungeon, and saw 6 of its levels.

You collected 271 gold pieces.
You spent 39 gold pieces at shops.

Inventory:

Hand Weapons
 c - a +0 whip
 l - a +0 short sword of venom (weapon)
Missiles
 f - 2 throwing nets
 j - 14 poisoned darts
Armour
 a - a +0 robe
 k - a +0 ring mail of positive energy
 u - a +2 robe of cold resistance (worn)
 x - a +0 buckler (worn)
Jewellery
 e - a ring of magical power (right hand)
 g - a ring of wizardry (left hand)
 i - a ring of wizardry
 m - an amulet of faith
 r - an amulet of regeneration (around neck)
Scrolls
 d - 2 scrolls of amnesia
 o - a scroll of fear {unknown}
Potions
 b - a potion of magic
 n - a potion of attraction
 p - a potion of degeneration {unknown}
 q - 2 potions of mutation {unknown}
 s - a potion of haste {unknown}
 t - 2 potions of enlightenment {unknown}
 v - 2 potions of brilliance {unknown}
 w - a potion of heal wounds {unknown}


   Skills:
 - Level 2.4 Fighting
 - Level 1.7 Dodging
 - Level 1.7 Stealth
 + Level 2.8 Shields
 - Level 4.1 Spellcasting
 - Level 4.7 Conjurations
 - Level 5.9 Alchemy


You had 2 spell levels left.
You knew the following spells:

 Your Spells              Type           Power      Damage    Failure   Level
a - Sting                 Conj/Alch      88%        1d8       1%          1
b - Mephitic Cloud        Conj/Alch/Air  16%        N/A       6%          3
c - Olgreb's Toxic Radia  Alch           25%        N/A       8%          4
d - Fulminant Prism       Conj/Alch      11%        3d9       10%         4

Your spell library contained the following spells:

 Spells                   Type           Power      Damage    Failure   Level
 Magic Dart               Conj           80%        1d7       1%          1
 Searing Ray              Conj           40%        2d5       1%          2
 Mercury Vapours          Alch/Air       28%        N/A       4%          2
 Apportation              Tloc           6%         N/A       9%          1
 Necrotise                Necr           12%        1d4       9%          1
 Summon Small Mammal      Summ           12%        N/A       9%          1
 Dazzling Flash           Conj/Hex       24%        N/A       11%         3
 Inner Flame              Hex/Fire       3%         N/A       26%         3
 Volatile Blastmotes      Fire/Tloc      6%         2d10      26%         3
 Sticky Flame             Fire/Alch      14%        2d5       26%         4
 Irradiate                Conj/Alch      11%        3d15      26%         5
 Iskenderun's Mystic Bla Conj/Tloc 12%            2d5        (+2d2     32%         4
 Starburst                Conj/Fire      6%         6d4       99%         6
 Ignition                 Fire           1%         3d3       100%        8
 Maxwell's Capacitive Co  Air            1%         ∞         100%        8


Dungeon Overview and Level Annotations

Branches:
Dungeon (5/15)             Temple (1/1) D:5

Altars:
Cheibriados
Dithmenos
Fedhas
Kikubaaqudgha
Makhleb
Okawaru
Qazlal
Ru
Sif Muna
Trog
Vehumet
Yredelemnul

Shops:
D:4 !

Annotations:
D:5 1 runed translucent door, Crazy Yiuf


Innate Abilities, Weirdness & Mutations

You have a pair of small antennae on your head.
A weak demonic guardian rushes to your aid.
You regenerate a little health from kills.


Message History

You now have 21/22 mp.
Aiming: Sting (safe; 1% risk of failure)
Press: ? - help, Q - select action, (/) - cycle Shift-Dir - straight line, f/p - endoplasm
Aim: an endoplasm (lightly wounded, 98% to hit)
The sting hits the endoplasm.
The endoplasm partially resists.
The endoplasm is almost dead.
You now have 20/22 mp.
Aiming: Sting (safe; 1% risk of failure)
Press: ? - help, Q - select action, (/) - cycle Shift-Dir - straight line, f/p - endoplasm
Aim: an endoplasm (almost dead, 98% to hit)
The sting hits the endoplasm.
The endoplasm partially resists.
The endoplasm is poisoned.
You kill the endoplasm!
Vehumet accepts your kill.
You now have 19/22 mp.
You open the door.
An ogre comes into view. It is wielding a +0 giant club.
Casting: Sting (safe; 1% risk of failure)
Confirm with . or Enter, or press ? or * to list all spells.
You miscast Olgreb's Toxic Radiance.
You are very lightly contaminated with residual magic.
Parts of your body briefly turn golden.
You are poisoned.
You feel very sick.
The ogre shouts!
You take 3 damage, and have 48/51 hp.
You now have 16/22 mp.
You feel sick.
The ogre hits you with a +0 giant club!!
There is an open door, spattered with blood here.
You take 24 damage, and have 24/51 hp.
MASSIVE DAMAGE!!
You feel sick. The ogre attacks as it pursues you!
The ogre hits you with a +0 giant club!!
* * * LOW HITPOINT WARNING * * *
A demonic guardian appears!
You take 23 damage, and have 1/51 hp.
MASSIVE DAMAGE!!
You feel better.
Your shadow imp barely misses the ogre.
You regained 7 hp, and now have 8/51 hp.
You feel better.
The ogre hits you with a +0 giant club!!
Ouch! That really hurt!
You die...

########## ###.#######.####.#
ß♣♣♣♣♣♣#########..## #.# #.#
.............[.....## #.# #.#
ß♣♣♣♣♣♣######..###..# #.# #.# ##
### #####.##.##.####.# #.# ##.#
#.#...#...#...##.# #.### ####.##
##..####5####....# #.... ....##
#..## #O#..##...# ##### ####.##
#..# +@'...#.#.# #####.###..##
##.##.##.#.# ..#
##.#.#..###.#.###..#.# ###### #.#
##.###.....#.....##.###..... #.#
#.# #.##.###....##.##...### #.##
#.###.<...........###...# # ...##
#).......####...### #.⌠.# #
....#######.÷#####.....####...###
.......# #......[...............


You could see an ogre (ally target) and a friendly shadow imp (summoned).

Vanquished Creatures
  Sigmund (D:4)
  2 black bears
  A scorpion (D:4)
  A howler monkey (D:5)
  3 bombardier beetles
  A jelly (D:5)
  3 hounds
  A sleepcap (D:4)
  An iguana (D:5)
  Natasha (twice) (D:4)
  An orc wizard (D:3)
  3 adders
  A white imp (D:5)
  3 dart slugs
  A ribbon worm (D:3)
  8 orcs
  6 ball pythons
  9 endoplasms
  4 giant cockroaches
  11 goblins
  11 hobgoblins
  6 jackals
  7 kobolds
  4 quokkas
  4 bats
  4 frilled lizards (D:1)
  6 rats
105 creatures vanquished.

Vanquished Creatures (collateral kills)
  A phantom (D:4)
1 creature vanquished.

Vanquished Creatures (others)
  6 fulminant prisms
6 creatures vanquished.

Grand Total: 112 creatures vanquished

Notes
Turn   | Place    | Note
-------+----------+-------------------------------------------
     0 | D:1      | jasper the Demonspawn Alchemist began the quest for the
                  | Orb.
     0 | D:1      | Reached XP level 1. HP: 13/13 MP: 3/3
   280 | D:1      | Gained mutation: You regenerate a little health from kills.
                  | [demonic ancestry]
   280 | D:1      | Reached XP level 2. HP: 19/19 MP: 0/5
  1436 | D:2      | Reached XP level 3. HP: 24/24 MP: 3/6
  1440 | D:2      | Learned a level 3 spell: Mephitic Cloud
  2616 | D:3      | Found a basalt altar of Yredelemnul.
  2766 | D:3      | Found a faded altar of an unknown god.
  2774 | D:3      | Reached XP level 4. HP: 25/30 MP: 1/8
  2779 | D:3      | Learned a level 4 spell: Olgreb's Toxic Radiance
  3003 | D:3      | Reached skill level 4 in Alchemy
  3147 | D:3      | Found a stormy altar of Qazlal.
  3181 | D:3      | Found a bloodstained altar of Trog.
  3181 | D:3      | Found a blossoming altar of Fedhas.
  3494 | D:3      | Reached XP level 5. HP: 35/35 MP: 2/10
  3559 | D:3      | Found a shadowy altar of Dithmenos.
  3740 | D:4      | Found Ifaxtoa's Distillery.
  3755 | D:4      | Bought a potion of curing for 39 gold pieces
  3918 | D:4      | Learned a level 4 spell: Fulminant Prism
  4023 | D:4      | Noticed a black bear
  4036 | D:4      | Killed a black bear
  4037 | D:4      | Gained mutation: You have a pair of small antennae on your
                  | head. [demonic ancestry]
  4037 | D:4      | Reached XP level 6. HP: 42/42 MP: 0/12
  4480 | D:4      | Noticed Sigmund
  4485 | D:4      | Reached skill level 1 in Fighting
  4495 | D:4      | Killed Sigmund
  4496 | D:4      | Reached skill level 5 in Alchemy
  4513 | D:4      | Noticed Natasha
  4521 | D:4      | Killed Natasha
  4522 | D:4      | Gained mutation: A weak demonic guardian rushes to your
                  | aid. [demonic ancestry]
  4522 | D:4      | Reached XP level 7. HP: 44/49 MP: 1/13
  4987 | D:4      | Noticed Natasha
  4997 | D:4      | Killed Natasha
  5197 | D:5      | Entered Level 5 of the Dungeon
  5210 | D:5      | Found a staircase to the Ecumenical Temple.
  5233 | Temple   | Entered the Ecumenical Temple
  5264 | Temple   | Became a worshipper of Vehumet
  5508 | D:5      | Found an ancient bone altar of Kikubaaqudgha.
  5640 | D:5      | Found a runed translucent door.
  5641 | D:5      | Noticed Crazy Yiuf
  5981 | D:5      | Reached skill level 1 in Shields
  6186 | D:5      | HP: 1/51 [ogre/+0 giant club (23)]
  6188 | D:5      | Mangled by an ogre

Illustrated notes

Levels and vault maps discovered:
D:1:      lemuel_arrival_tunnels, layout_loops_corners
D:2:      layout_loops_ring
D:3:      layout_basic, mainiacjoe_overflow_alcove_1,
          nicolae_qazlal_scattered_showers, nicolae_dithmenos_shadow_blocks,
          nicolae_overflow_two_pavilions,
          dreamdust_ecumenical_altar_hidden_monk_grotto,
          minmay_goblin_kobold_house
D:4:      layout_loops_ring, serial_shops, nicolae_shop_statue_plus,
          chequers_serial_rivers_micro_b, uniq_natasha, uniq_sigmund
D:5:      layout_loops_ring, nemelex_dance_club_becter,
          kiku_gazebo_garden_becter, minmay_temple_entry_junction,
          dreamdust_princess_corridor, kennysheep_generic_room_7,
          uniq_crazy_yiuf_cottage
Temple:   nicolae_temple_superstar

Skill      XL: |  1  2  3  4  5  6  7 |
---------------+----------------------+-----
Conjurations   | 2 3 4 |  4.7
Alchemy        | 4 5 |  5.9
Spellcasting   | 3 4 |  4.1
Fighting       | 1 2 |  2.4
Shields        | 2 |  2.8
Dodging        | |  1.7
Stealth        | |  1.7

Action                     |  1- 3 |  4- 6 |  7- 9 || total
---------------------------+-------+-------+-------++-------
  Melee: Unarmed           |     5 |       |       ||     5
         Short sword       |    19 |    12 |    46 ||    77
         Whip              |     1 |       |       ||     1
   Cast: Sting             |    88 |    15 |    29 ||   132
         Olgreb's Toxic Ra |       |    16 |    11 ||    27
         Fulminant Prism   |       |     1 |     5 ||     6
         Mephitic Cloud    |       |       |     1 ||     1
    Use: Scroll            |     3 |     4 |     1 ||     8
         Potion            |       |       |     3 ||     3
 Armour: Robe              |    28 |    14 |    46 ||    88
  Dodge: Dodged            |    27 |    11 |    33 ||    71
  Block: Buckler           |       |       |     1 ||     1

Table legend: (Time is in decaauts)
 A = Elapsed time spent in this place.
 B = Non-inter-level travel time spent in this place.
 C = Inter-level travel time spent in this place.
 D = Time resting spent in this place.
 E = Time spent auto-exploring this place.
 F = Levels seen in this place.
 G = Mean time per level.
                   A        B        C        D        E       F      G
               +--------+--------+--------+--------+--------+-----+--------+
         Total |   6185 |   6021 |    164 |    295 |   4893 |   6 | 1030.8 |
       Dungeon |   6122 |   6018 |    104 |    295 |   4893 |   5 | 1224.4 |
        Temple |     62 |      2 |     60 |      0 |      0 |   1 |   62.0 |
               +--------+--------+--------+--------+--------+-----+--------+

Top non-repeatable levels by time:
     D:3: 1382 daAuts
     D:4: 1337 daAuts
     D:1: 1325 daAuts
     D:2: 1149 daAuts
     D:5: 927 daAuts
  Temple: 62 daAuts
